[Event "44th Indian Team Championship 2025"]
[Site "Gujarat"]
[Date "2025.03.06"]
[Round "2.13"]
[White "Sriansh Das"]
[Black "Balkishan, A.."]
[Result "1-0"]
[Annotator "TA"]
[ECO "B48"]
[WhiteElo "2286"]
[BlackElo "2119"]
[PlyCount "71"]
[EventDate "2025.03.03"]
[EventCountry "IND"]
[SourceTitle "playchess.com"]
[Source "ChessBase"]
[SourceQuality "1"]
[TimeControl "5400+30"]

1. e4 c5 2. Nf3 e6 3. d4 cxd4 4. Nxd4 Nc6 5. Nc3 Qc7 6. Be3 a6 7. Bd3 Nf6 8. Qe2 $1 {[%emt 0:01:51][%mdl 4] outshines the older 8.0-0.} b5 9. Nxc6 {[%emt 0:04:53] B48: Sicilian: Taimanov: 5 Nc3 Qc7 6 Be3 a6 without Be2.} Qxc6 10. Bd4 Bb7 11. f3 $146 {[%emt 0:04:51] The position is equal.} (11. O-O-O Rc8 12. Kb1 Qc7 13. e5 Nd5 14. Nxd5 Bxd5 15. Be4 Bxe4 16. Qxe4 Qc6 17. Rhe1 {0-1 Efroimski,M (2233)-Givon,A (2473) Rishon Le Ziyyon Fridman Memorial 2015 (6)}) 11... b4 12. Nb1 Bc5 13. Qf2 Bxd4 14. Qxd4 a5 15. Nd2 d5 16. O-O O-O 17. a3 e5 18. Qxe5 Qb6+ 19. Kh1 Rae8 20. Qf4 Re6 {[%emt 0:02:20] [#]} ({Better is} 20... bxa3 $14 21. Rxa3 Ba8) 21. e5 $1 $16 Nh5 22. Qg5 g6 23. Rae1 Rfe8 {[%emt 0:01:38] [#] Loses the game.} (23... Ba6 $16) 24. f4 $1 $18 f6 25. Qg4 fxe5 26. fxe5 bxa3 27. bxa3 Qc5 $2 (27... R6e7 {was worth a try.} 28. Nf3 Bc8) 28. Nf3 {[%emt 0:04:31] Ng5 would now be deadly.} Qxa3 29. Ng5 Rxe5 (29... Bc8 $142 30. Nxh7 Qc3 31. Nf6+ (31. Bxg6 Rxe5 32. Bf5+ Ng7 $18) 31... Rxf6 (31... Nxf6 32. Qxg6+ Kf8 33. exf6 $18) 32. exf6 Rxe1 (32... Bxg4 $2 33. f7+ Kg7 34. fxe8=Q $18) 33. Qxg6+ Kf8 34. Qh6+ (34. Qxh5 Rxf1+ 35. Bxf1 Qxf6 $11) 34... Kf7 35. Qxh5+ Ke6 36. Qe8+ Kd6 37. Rxe1 (37. Qxe1 Qxe1 38. Rxe1 Be6 $18) 37... Bd7 38. Qe7+ Kc6) 30. Rxe5 ({Worse is} 30. Qd7 Qe7 (30... Rxe1 31. Qxh7#) 31. Qxe7 R5xe7 32. Rxe7 Rxe7 $15) 30... Rxe5 {[%emt 0:00:04] [#]} 31. Nxh7 $1 Qd6 (31... Qxd3 32. cxd3) 32. Bxg6 {[%emt 0:01:15] Bf7+ would kill now.} (32. Qxg6+ $2 Qxg6 33. Bxg6 Nf4 34. Nf6+ (34. Rxf4 $2 {is a self mate.} Re1+) 34... Kg7 $19) (32. Nf6+ Nxf6 33. Qxg6+ Kh8 $14) 32... Ba6 33. Bf7+ {[%emt 0:01:13] White mates.} Kxh7 34. Qg8+ Kh6 35. Qh8+ Kg5 36. Qxh5# {[%emt 0:00:04] Weighted Error Value: White=0.11 (very precise) /Black=0.88  Mistake:       	---       	Black=4      Inaccurate:     	White=2     	Black=3      OK:         	White=6     	Black=6      Best:        	White=1     	---        Strong:       	White=2     	---} 1-0

[Event "44th Indian Team Championship 2025"]
[Site "Gujarat"]
[Date "2025.03.06"]
[Round "2.14"]
[White "Prashanth J Naik"]
[Black "Sahoo, Utkal Ranjan"]
[Result "0-1"]
[Annotator "TA"]
[ECO "D02"]
[WhiteElo "1942"]
[BlackElo "2268"]
[PlyCount "112"]
[EventDate "2025.03.03"]
[EventCountry "IND"]
[SourceTitle "playchess.com"]
[Source "ChessBase"]
[SourceQuality "1"]
[TimeControl "5400+30"]

1. d4 e6 2. Bf4 d5 3. e3 Nf6 4. Nf3 Bd6 5. Ne5 O-O 6. Nd2 c5 7. c3 {[%emt 0:00:16] D02: 1 d4 d5 2 Nf3 sidelines, including 2...Nf6 3 g3 and 2...Nf6 3 Bf4.} b6 8. h4 {[%emt 0:15:01][%cal Bh2h4,Bh4h5,Bh5h6][%mdl 32] is recently more successful than 8.Bd3.} Qc7 9. h5 {[%emt 0:00:54] The position is equal.} Nc6 10. h6 {[%emt 0:02:12] Hoping for hxg7.} g6 11. Ndf3 (11. Nxc6 {simplifies} Qxc6 12. Qf3 Ne8 13. a4) 11... Nd7 12. Nxc6 Qxc6 13. Ne5 $146 ({Predecessor:} 13. Bxd6 Qxd6 14. Bb5 a6 15. Be2 e5 16. dxe5 Nxe5 17. Nxe5 Qxe5 18. Qb3 d4 19. cxd4 cxd4 20. Qxb6 {1-0 Petkov,M (2496)-Toma,R (2386) ROM GP Final GpA rapid 2023 (2)}) 13... Nxe5 {[%emt 0:03:30] A sharp opening} 14. dxe5 Be7 15. Be2 Bb7 16. O-O Rfd8 17. a4 a6 18. Qd2 Qe8 19. Rfd1 Qf8 20. Qc2 Bc6 (20... g5 $6 21. Bg3 $11) 21. Bd3 (21. Bf3 $142) 21... c4 $17 22. Be2 g5 23. Bg3 Qxh6 24. Bf3 b5 25. axb5 axb5 26. b4 Qg6 27. Qe2 f5 28. Qb2 (28. exf6 $17 Bxf6 29. Rac1) 28... h5 $19 29. Rxa8 (29. Bh2 $142) 29... Rxa8 (29... Bxa8 30. Ra1 $19) 30. Be2 h4 31. Bh2 Qe8 32. Ra1 Qb8 33. Ra3 Bd8 34. g4 hxg3 35. Bxg3 Bc7 36. f4 gxf4 37. exf4 Bb6+ 38. Kf1 {[%emt 0:01:06] [#]} d4 $1 39. cxd4 Rxa3 40. Qxa3 Bxd4 {[%emt 0:00:12] Black has a queen side majority} (40... Qd8 $19 41. Bf2 Qd5 (41... Bxd4 $2 42. Qg3+ Kf8 43. Qh2 $18) 42. Qg3+ Kf8) 41. Bf2 $17 Bxf2 42. Kxf2 {[%emt 0:00:02][%mdl 4096] Endgame KQB-KQB. Black is a pawn up.} Qb6+ 43. Kf1 (43. Qe3 $17 Qxe3+ 44. Kxe3) 43... Kf8 44. Qh3 {[%emt 0:00:18] [#]} Ke8 $2 (44... Qd4 $1 $19 45. Ke1 Qd5 (45... Qxf4 $2 46. Qh8+ Ke7 47. Qf6+ Kd7 48. Qf7+ Kd8 49. Qxe6 $17)) 45. Qh7 $2 (45. Qh8+ $17 {is tougher.} Kd7 46. Qg7+ Kc8 (46... Ke8 47. Qf6 $17) 47. Qf8+ Kb7 (47... Qd8 48. Qxd8+ Kxd8 49. Ke1 $15) 48. Qe7+ Ka6 49. Qd6 (49. Qxe6 $2 Bg2+ 50. Kxg2 Qxe6 $19)) 45... Kd8 (45... Qd4 $142 46. Qg6+ Kd8 47. Qxe6 Qxf4+ 48. Ke1 Qg3+ 49. Kd1 Qb3+ 50. Ke1 Qxb4+ 51. Kf1 Qb1+ 52. Kf2 Qe4 53. Qd6+ Kc8 54. Qf8+ Kb7 55. Qe7+ Ka6 56. Qa3+ Kb6) 46. Qg8+ $2 {[%emt 0:00:27] [#]} (46. Qh4+ Kc8 47. Qf6) 46... Kc7 $1 $19 47. Qf7+ (47. Qxe6 $2 Bg2+ 48. Kxg2 Qxe6) 47... Kb8 $2 (47... Bd7 $19 {and Black stays clearly on top.} 48. Qe7 c3) 48. Qf8+ $17 (48. Qxe6 $2 Bg2+ 49. Kxg2 Qxe6 $19) 48... Kb7 {[%emt 0:00:13] and ...c3 should not be overlooked} 49. Qd6 (49. Qe7+ $17 {was the only chance.} Ka6 50. Qd6 (50. Qxe6 $2 Bg2+ 51. Kxg2 Qxe6 $19)) 49... c3 $2 ({Black should play} 49... Qe3 $19 50. Qe7+ Ka6 51. Qxe6 Qxf4+ 52. Ke1 Kb6) 50. Qe7+ $2 (50. Qd3 $1 $11 {and White is okay.}) 50... Ka6 {[%emt 0:00:22] ( -> ...c2)} 51. Qd6 (51. Qxe6 Bg2+ 52. Kxg2 Qxe6 53. Bd3 Qd5+ 54. Kg3 Qxd3+ 55. Kh4 c2 (55... Qd8+ {is a self mate.} 56. Kg3 c2 57. Kh2 c1=Q 58. Kg2 Qd5+ 59. Kh3 Qdh1+ 60. Kg3 Qcg1#) 56. Kg5 c1=Q (56... c1=R 57. Kf6 Rc6+ 58. e6 Qd5 59. Kg7 Rxe6 60. Kh8 Rg6 61. Kh7 Qg8#) 57. Kg6 Qc6+ (57... Qxf4 58. Kg7 Qdg3+ 59. Kf8 Qxe5 60. Kf7 Qgg7#) 58. e6 Qxe6+ 59. Kh5 Qh3+ 60. Kg5 Qhh6#) (51. Bd3 $19 Qe3 52. Qd6 Qxf4+ 53. Ke1 Qd2+ 54. Kf1 Qg2+ 55. Ke1) 51... c2 {[%emt 0:00:29] Black mates.} 52. Qd2 Be4 53. Qc3 Qc6 54. Qa3+ Kb7 55. Qc1 Qc3 56. Bxb5 Qxb4 {[%emt 0:00:06] Weighted Error Value: White=0.57/Black=0.34  Loses game:     	White=2     	---        Missed win:     	---       	Black=2      Mistake:       	White=7     	Black=3      Inaccurate:     	White=2     	Black=1      OK:         	White=9     	Black=20     Best:        	White=1     	Black=1      Strong:       	---       	Black=1} 0-1

[Event "44th Indian Team Championship 2025"]
[Site "Gujarat"]
[Date "2025.03.06"]
[Round "2.15"]
[White "Sidhant, Mohapatra"]
[Black "Siddhanth Poonja"]
[Result "1-0"]
[Annotator "TA"]
[ECO "B30"]
[WhiteElo "2382"]
[BlackElo "2065"]
[PlyCount "59"]
[EventDate "2025.03.03"]
[EventCountry "IND"]
[SourceTitle "playchess.com"]
[Source "ChessBase"]
[SourceQuality "1"]
[TimeControl "5400+30"]

1. e4 c5 2. Nf3 Nc6 3. Bb5 Nf6 4. Nc3 Nd4 5. Bc4 e6 6. O-O {[%emt 0:07:00] B30: Sicilian: 2...Nc6 3 Bb5, lines without ...g6.} d5 {[%emt 0:06:19] Against d3} (6... a6 $11) 7. exd5 $14 exd5 8. Nxd4 ({White should play} 8. Nxd5 $16 {aiming for Re1+.} Nxd5 9. Nxd4) 8... dxc4 9. Nf3 Be7 10. Ne5 $146 ({Predecessor:} 10. Qe2 Bg4 11. h3 Bh5 12. Re1 Bxf3 13. Qxf3 O-O 14. Qxb7 Bd6 15. Qb5 Re8 16. Re3 {1-0 Dwilewicz,K (2115)-Khrapko,M (2188) Speed Chess (Women) Play In 2 blitz 2024 (4)}) 10... Be6 11. Qe2 Bd6 (11... a6 $11 {keeps the balance.}) 12. Nxc4 $16 Bxh2+ 13. Kxh2 $18 Ng4+ {[%emt 0:00:07] [#]} 14. Kg3 $1 (14. Kg1 $2 Qh4 15. Nd6+ Kf8 $19) 14... h5 (14... Kf8 $18 15. d3 h5) 15. d3 h4+ 16. Kh3 Qb8 {[%emt 0:00:17] A mistake that costs the game.} (16... O-O $16 {keeps fighting.}) 17. f4 Ne3+ 18. Kh2 Nxf1+ 19. Qxf1 g5 $2 (19... Kf8 20. Be3 Qc7) 20. Ne4 {[%emt 0:05:30][%cal Bc3e4,Be4f6,Bf6d7][%mdl 32] [#]} g4 $2 (20... Bxc4 21. dxc4 Qc7) 21. Ncd6+ Kd7 22. f5 ({Not} 22. Nxc5+ Kxd6 23. Nxe6 g3+ (23... Kxe6 24. Qe2+ Kd6 25. Qe5+ Kc6 26. Qe4+ Kd7 27. Qd5+ Qd6 28. Qxb7+ Qc7 29. Qd5+ Qd6 30. Qxf7+ Qe7 31. Qd5+ Qd6 32. Qf7+ Qe7 33. Qxe7+ Kxe7 34. Bd2 $14) 24. Kh3 fxe6 $11 (24... Kxe6 25. f5+ Kd7 26. Qf3 $14)) 22... g3+ 23. Kh3 Bd5 24. Nf6+ Kc6 25. Bf4 Qf8 26. c4 Qg7 27. cxd5+ {[%emt 0:00:15] White mates.} Kb6 28. Nd7+ Ka5 29. Bd2+ Ka6 30. d4+ {[%emt 0:00:07] Weighted Error Value: White=0.10 (very precise) /Black=1.21  Loses game:     	---       	Black=1      Mistake:       	White=1     	Black=6      Inaccurate:     	White=1     	Black=1      OK:         	White=1     	Black=3      Best:        	White=6     	Black=3      Strong:       	White=1     	---} 1-0

[Event "44th Indian Team Championship 2025"]
[Site "Gujarat"]
[Date "2025.03.06"]
[Round "2.16"]
[White "Gavi, Siddayya"]
[Black "Nayak Rajesh"]
[Result "1/2-1/2"]
[Annotator "TA"]
[ECO "B57"]
[WhiteElo "1878"]
[BlackElo "2278"]
[PlyCount "115"]
[EventDate "2025.03.03"]
[EventCountry "IND"]
[SourceTitle "playchess.com"]
[Source "ChessBase"]
[SourceQuality "1"]
[TimeControl "5400+30"]

1. e4 c5 2. Nf3 Nc6 3. d4 cxd4 4. Nxd4 Nf6 5. Nc3 d6 6. Bc4 Qb6 7. Nb3 e6 8. O-O a6 9. Re1 {[%emt 0:04:23] B57: Classical Sicilian: Sozin with 6...Qb6.} Be7 10. Bf4 $146 (10. a4 Qc7 11. Bf1 O-O 12. a5 Bd7 13. Be3 Ne5 14. Nd2 Rac8 15. f4 Ng6 16. Nf3 Qb8 {1-0 Vila Gazquez,X (2472)-Panelo Munoz,M (2327) Santa Coloma op rapid 8th 2015 (4)}) 10... O-O 11. Qd2 (11. Bxd6 Rd8 12. e5 Nxe5 13. Bxe7 Rxd1 14. Raxd1 Nfd7 $15 (14... Nxc4 15. Rd8+ $11)) 11... Rd8 12. Rad1 Qc7 13. Bf1 (13. a4 $5) 13... b5 14. a4 b4 15. Na2 e5 16. Bg5 Be6 17. Bxf6 Bxf6 18. Nxb4 Nxb4 19. Qxb4 Qxc2 20. Na5 {[%emt 0:02:28][%cal Od1c1] [#] And now Rc1! would win.} Rdb8 21. Qxd6 Qxa4 ({Much worse is} 21... Rxb2 22. Re2 Qc3 23. Rxb2 Qxb2 24. Nc6 $16 (24. Bxa6 Qc2 $15)) 22. Ra1 Qb4 23. Qxb4 Rxb4 24. b3 {[%emt 0:00:18] White is weak on the dark squares} g6 (24... Bxb3 $2 25. Reb1 $18) 25. Ra3 Kg7 26. g3 Be7 27. Raa1 Bc5 (27... Bxb3 $2 {loses.} 28. Nc6 $18) 28. Kg2 Bd4 29. Ra3 Bc3 {[%emt 0:01:55] A strong pair of Bishops.} 30. Re3 Bd2 {[%emt 0:01:57][%cal Od2c1] [#]} 31. Rd3 Bc1 32. Ra1 Rc8 33. Nc4 Bxc4 34. bxc4 Rbxc4 35. Rxa6 Rxe4 36. Ra7 {[%emt 0:00:41] Wards off Rc7} Rd4 37. Rf3 Rf8 38. Rc7 e4 39. Rb3 Bd2 40. Rbb7 Rd6 41. Bc4 Rf6 42. Re7 e3 43. fxe3 Be1 44. e4 Rf2+ 45. Kh3 (45. Kg1 $14) 45... h5 $11 {[%emt 0:00:24] The position is equal.} 46. Rb1 g5 {[%emt 0:02:04] ...g4+ is the strong threat. Opposite bishops and equal position} 47. g4 hxg4+ 48. Kxg4 Rf4+ 49. Kh3 $1 Bd2 50. Rf1 Rh4+ 51. Kg2 Bf4 52. h3 Rh6 53. e5 Rc6 54. Bb3 Kg6 55. h4 Rc5 56. hxg5 Kxg5 57. Rxf7 Rxf7 58. Bxf7 {[%emt 0:00:03] Weighted Error Value: White=0.06 (flawless) /Black=0.05 (flawless)   Mistake:       	White=1     	---        Inaccurate:     	White=2     	Black=2      OK:         	White=28    	Black=19     Best:        	White=1     	Black=1      Strong:       	White=1     	---} 1/2-1/2

[Event "44th Indian Team Championship 2025"]
[Site "Gujarat"]
[Date "2025.03.06"]
[Round "2.17"]
[White "Sherla Prathamesh"]
[Black "Tiwari Shivansh"]
[Result "1-0"]
[Annotator "TA"]
[ECO "D27"]
[WhiteElo "2131"]
[BlackElo "1970"]
[PlyCount "67"]
[EventDate "2025.03.03"]
[EventCountry "IND"]
[SourceTitle "playchess.com"]
[Source "ChessBase"]
[SourceQuality "1"]
[TimeControl "5400+30"]

1. c4 e6 2. Nf3 d5 3. e3 Nf6 4. Nc3 dxc4 5. Bxc4 a6 6. a4 c5 7. d4 Nc6 8. O-O Be7 9. dxc5 O-O {[%emt 0:01:48] D27: Queen's Gambit Accepted: Classical main line: 7 e4!? and 7 a4.} 10. e4 Bxc5 11. Bf4 Qa5 {[%emt 0:18:44] The position is equal.} 12. Qe2 e5 13. Bg5 $146 (13. Bxe5 Nxe5 14. Nxe5 Qc7 15. Nxf7 Rxf7 16. Bxf7+ Kxf7 17. Nd5 Qe5 18. Nxf6 gxf6 19. Rad1 {½-½ Hilgert,D-Coffield,A IECC CL6-1997.06}) 13... Bg4 14. Bxf6 gxf6 15. Qd3 Nb4 16. Qd2 Bxf3 (16... Qd8 17. Qh6 Bxf3 18. gxf3 Kh8) 17. gxf3 {[%emt 0:00:01] [#]} Kh8 18. Kh1 Qd8 19. Qh6 Qe7 20. Qh5 Rad8 21. Nd5 Nxd5 22. exd5 Rg8 23. Bd3 $40 {[%emt 0:02:13][%csl Gd3][%cal Rh5h7][%mdl 128] White has some attack.} f5 ({Not} 23... Rxd5 24. Qxh7#) (23... Rg6 $11 {deserves consideration.}) 24. Qxf5 f6 (24... Qh4 {seems wilder.} 25. Be4 Rg6 26. Rac1 Rf6) 25. Rac1 Rg5 26. Qe6 Qxe6 27. dxe6 Bd6 (27... Rxd3 28. Rxc5 Rd6 29. e7) (27... Bb6 $142) 28. Be4 $16 {[%emt 0:00:18] White is more active.} Rdg8 (28... Kg7 $16 29. Bxb7 a5) 29. Rfd1 $18 Bb8 (29... Bb4 30. Rd7 (30. Bxb7 a5 $18) 30... R5g7 31. Bxb7 a5) 30. e7 {[%emt 0:01:03][%cal Od1d8] White is clearly winning.} f5 {[%emt 0:00:25] [#]} 31. Rd8 $1 {[%emt 0:00:26] And now Bd5 would win.} Bc7 (31... Bd6 32. e8=Q) 32. Rxg8+ (32. Rxc7 $2 Rg1#) 32... Rxg8 33. Bd5 (33. Bxf5 Bd6 34. Bc8 a5 35. Bxb7 Re8 $18) (33. Rxc7 $142 fxe4 34. Rd7 (34. fxe4 Re8 $18)) 33... Re8 34. Rxc7 {[%emt 0:00:08] Weighted Error Value: White=0.27 (precise) /Black=0.79  Mistake:       	---       	Black=4      Inaccurate:     	White=2     	Black=3      OK:         	White=11    	Black=6      Best:        	White=1     	---} 1-0

[Event "44th Indian Team Championship 2025"]
[Site "Gujarat"]
[Date "2025.03.06"]
[Round "2.18"]
[White "Mishra Kamad"]
[Black "Sharnarthi Viresh"]
[Result "0-1"]
[Annotator "TA"]
[ECO "B09"]
[WhiteElo "1949"]
[BlackElo "2198"]
[PlyCount "104"]
[EventDate "2025.03.03"]
[EventCountry "IND"]
[SourceTitle "playchess.com"]
[Source "ChessBase"]
[SourceQuality "1"]
[TimeControl "5400+30"]

1. d4 d6 2. Nc3 Nf6 3. e4 g6 4. f4 Bg7 5. e5 dxe5 6. fxe5 Nd5 7. Bc4 {[%emt 0:07:18] The main line 7.Bc4 scores better than 7.Nf3.} Be6 {[%emt 0:03:13] B09: Pirc Defence: Austrian Attack.} 8. Bxd5 Bxd5 9. Nxd5 Qxd5 {[%emt 0:00:07] The position is equal.} 10. Qf3 Qa5+ $146 (10... Qxd4 $2 11. Qxb7 c6 (11... Qxe5+ $2 12. Ne2 $18) 12. Qxa8 $18) (10... c6 11. Qxd5 cxd5 12. Nf3 Nc6 {½-½ Sanson Hernandez,M-Kamanel Zamora,J CUB-ch corr Cuba 1992}) 11. Bd2 Qb6 12. Ne2 Nc6 ({Black should play} 12... c5 $11) 13. Bc3 $14 Rd8 14. O-O-O O-O 15. h4 Nb4 16. Kb1 Nd5 17. h5 Qc6 (17... c5 $11) 18. Bd2 $16 h6 19. hxg6 fxg6 20. Qd3 h5 21. Rdf1 Rxf1+ 22. Rxf1 Nb6 (22... b5 $16) 23. Bc1 ({Better is} 23. Nf4 $18) 23... Nc4 (23... Nd5 $16 {is a better defense.}) 24. Qg3 (24. e6 $1 $18 {is the precise move to win.} Qxe6 25. Nf4) 24... Kh7 (24... Qe4 $16 25. Nf4 Rxd4) 25. Rf7 Qe6 26. Qf4 $40 {[%emt 0:00:00][%mdl 128] White wants to mate with Qh6+. White is out for blood.} Kg8 {[%emt 0:28:09] [#]} 27. Rxg7+ {[%emt 0:00:00][%mdl 512] White attacks} Kxg7 28. Qh6+ Kg8 29. Nf4 Qf7 (29... Na3+ $142 30. bxa3 Qb6+ 31. Bb2 Rxd4) 30. Nxg6 $18 Qg7 {[%emt 0:01:24] and ...Qxh6 should not be overlooked Repels Qh8+} 31. Qg5 (31. Qxh5 Rxd4 32. b3 Nd2+ 33. Ka1 e6 $11) 31... Re8 (31... Rxd4 $2 32. Nxe7+ Kf8 33. Qxg7+ Kxg7 34. Nf5+ Kg6 35. Nxd4 $18) 32. Qxh5 e6 (32... Qh7 $142 33. Qg4 Qg7) 33. Nf4 Re7 34. Ng6 $2 {[%emt 0:00:00] Repels Nb6} (34. b3 $18 Nb6 35. Ba3) 34... Rf7 (34... Re8 $1 $11 {remains equal.}) 35. b3 ({Weaker is} 35. Nf4 Qg3 $18) (35. g4 $16) 35... Rf5 $1 $14 36. Qg4 Kf7 {[%emt 0:00:01] Prevents Ne7} 37. bxc4 (37. d5 $14 Na3+ 38. Bxa3 Qxg6 39. Qb4 (39. Qc4 Qxg2 40. dxe6+ Kg6 $15)) 37... Qxg6 {[%emt 0:00:02][%mdl 4096] Endgame KQR-KQB} 38. Qe2 {[%emt 0:00:00] g4 is the strong threat.} Qg3 {[%emt 0:01:10][%mdl 1024] Black has strong compensation.} 39. Be3 {[%emt 0:00:00] [#] Prevents Rf2.} c5 $1 {[%emt 0:01:05] Black is more active.} 40. c3 Qh2 (40... cxd4 $17 41. cxd4 Ke8) 41. Kb2 {[%emt 0:00:32] [#]} b6 (41... cxd4 $1 $17 42. cxd4 Qg3) 42. Ka3 (42. dxc5 {simplifies} bxc5 43. Bxc5 Qxe5 44. Qxe5 Rxe5 45. Bxa7 Ke8 46. g3) 42... Qg3 43. Kb2 Qh2 44. Ka3 cxd4 45. cxd4 Qh1 46. d5 (46. Kb2 $11) 46... Qa1 ({Of course not} 46... Rxe5 $6 47. Qf3+ Ke7 48. Bd2 exd5 49. Bb4+ Ke6 50. cxd5+ Rxd5 51. Qe4+ Re5 52. Qg6+ Kd5 53. Qd3+ Ke6 54. Qd6+ (54. Qg6+ Kd5 $11) 54... Kf5 55. Qd7+ Ke4 56. Qc6+ Rd5 57. Qe6+ Kd4 58. Qf6+ Kd3 59. Qf3+ Kd4 60. Qg4+ Ke3 61. Qf3+ Kd4 62. Qg4+ Ke5 63. Qg7+ Kf4 64. Qf6+ Ke4 65. Qf3+ Ke5 66. Qc3+ Rd4 67. Qg3+ Kf5 68. Qf2+ Rf4 69. Qc2+ Re4 70. Qc8+ Ke5 71. Qe8+ Kd5 72. Qd7+ Kc4 73. Qf7+ Kd4 74. Qd7+ Kc4 75. Qc6+ Kd4 76. Qd7+ Kc4 $11) (46... Qf1 $17 47. Qxf1 Rxf1 48. dxe6+ Kxe6) 47. Qd3 $15 Qxe5 48. g4 $2 {[%emt 0:00:19][%mdl 8192] [#]} (48. Bd4 $17 Qd6+ 49. Kb2) 48... Rf3 $1 $19 49. Qh7+ Kf8 {[%emt 0:00:19] ( -> ...Qc3+)} 50. Qh6+ Ke7 51. Qh4+ Kd7 52. dxe6+ Kc8 {[%emt 0:00:38] Black used his chance.   Weighted Error Value: White=0.50/Black=0.29 (precise)   Loses game:     	White=1     	---        Missed win:     	White=1     	---        Mistake:       	White=5     	Black=11     Inaccurate:     	White=6     	Black=1      OK:         	White=17    	Black=9      Best:        	White=2     	Black=4      Strong:       	---       	Black=2      Brilliant:      	White=1     	---} 0-1

[Event "44th Indian Team Championship 2025"]
[Site "Gujarat"]
[Date "2025.03.06"]
[Round "2.19"]
[White "Jain, Kushagra"]
[Black "Abhay Bandewar"]
[Result "1/2-1/2"]
[Annotator "NA RC"]
[ECO "B36"]
[WhiteElo "2138"]
[BlackElo "1976"]
[PlyCount "40"]
[EventDate "2025.03.03"]
[EventCountry "IND"]
[SourceTitle "playchess.com"]
[Source "ChessBase"]
[SourceQuality "1"]
[TimeControl "5400+30"]

1. e4 c5 2. Nf3 Nc6 3. d4 cxd4 4. Nxd4 g6 5. c4 Nf6 6. Nc3 d6 7. Be2 Nxd4 8. Qxd4 Bg7 9. Be3 O-O 10. Qd3 Be6 11. O-O Nd7 12. f4 Rc8 13. Nd5 Nc5 14. Qc2 f5 15. exf5 Bxf5 16. Qd2 Ne4 17. Qd1 Nc5 18. Qd2 Ne4 19. Qd1 Nc5 20. Qd2 Ne4 1/2-1/2

[Event "44th Indian Team Championship 2025"]
[Site "Gujarat"]
[Date "2025.03.06"]
[Round "2.20"]
[White "Choubey Saurabh"]
[Black "Gaikwad Manas"]
[Result "1/2-1/2"]
[Annotator "TA"]
[ECO "A55"]
[WhiteElo "2069"]
[BlackElo "2179"]
[PlyCount "115"]
[EventDate "2025.03.03"]
[EventCountry "IND"]
[SourceTitle "playchess.com"]
[Source "ChessBase"]
[SourceQuality "1"]
[TimeControl "5400+30"]

1. d4 d6 2. Nf3 Nf6 3. g3 Nbd7 4. c4 e5 5. Nc3 Be7 6. Bg2 O-O 7. O-O Re8 8. Qc2 c6 9. Rd1 Qc7 10. b3 Bf8 11. e4 {[%emt 0:00:48] is the legacy move (11.Bb2).} a6 {[%emt 0:04:04] A55: Old Indian Defence with Nf3 and e4.} 12. d5 $146 (12. a4 exd4 13. Nxd4 a5 14. Bf4 Ne5 15. h3 Nfd7 16. Be3 Nc5 17. f4 Ned7 18. Bf2 h5 {1-0 Cordova,E (2542)-Escobar Forero,A (2473) Carlos Torre Memorial op 32nd 2022 (5)}) 12... cxd5 13. Nxd5 Nxd5 {[%emt 0:00:30] The position is equal.} 14. Rxd5 b5 15. Rd2 Bb7 16. Ba3 Nc5 17. Ne1 Qa5 18. Bxc5 dxc5 19. Rad1 Bc6 20. Bf1 Qb6 21. Ng2 Qb7 22. f3 f5 23. Bd3 Kh8 24. Ne3 f4 25. Nd5 Qf7 26. Be2 Rad8 27. Kg2 b4 28. Nb6 Rd4 29. Rxd4 exd4 {[%emt 0:00:26] NOTEXT-51077 Black (d4)} 30. Nd5 Bd6 31. Bd3 Bd7 32. g4 a5 33. h3 Be5 34. Qf2 ({White should try} 34. a3 $11) 34... a4 35. Bc2 Bc6 36. Qh4 axb3 37. axb3 Ra8 ({Better is} 37... Qf8 $17) 38. Qe7 $2 (38. Qg5 $11 Re8 39. Bd3) 38... Qxe7 $17 39. Nxe7 Bb7 (39... Be8 $142 {Strongly threatening ...Ra7.} 40. Rd2 g5) 40. Rd2 Ra2 {[%emt 0:00:19] [#]} 41. Re2 Rb2 42. Bd1 Rb1 43. Rd2 g6 44. Nd5 Kg7 45. h4 h6 46. Kh3 Bc8 47. Kg2 Bd7 48. Nb6 Bc6 49. Nd5 Kf7 50. Kh3 Ra1 51. Kg2 Ke6 52. Kh3 Bd6 53. Kg2 Ke5 54. Kh3 $2 {[%emt 0:01:01][%mdl 8192] [#]} (54. Kf2 $17) 54... Bf8 $2 (54... Bxd5 $1 $19 {is more deadly.} 55. exd5 d3) 55. Kg2 {[%emt 0:00:02] Black is better.} Bd7 56. Kh2 Bd6 57. Kg2 Bb8 58. Kf2 {[%emt 0:00:16] Weighted Error Value: White=0.28 (precise) /Black=0.22 (precise)   Loses game:     	White=1     	---        Missed win:     	---       	Black=1      Mistake:       	White=2     	Black=2      Inaccurate:     	White=6     	Black=6      OK:         	White=17    	Black=13     Best:        	---       	Black=1} 1/2-1/2